 Dungeon Crawl Stone Soup version 0.27-a0-328-g7f782ed93a (webtiles) character file.

Game seed: 551095940362166794

9 tsouns the Sneak (level 2, -2/27 HPs)
             Began as a Palentonga Delver on Feb 12, 2021.
             Slain by a hound (3 damage)
             ... on level 4 of the Dungeon.
             The game lasted 00:01:00 (185 turns).

tsouns the Sneak (Palentonga Delver)                 Turns: 185, Time: 00:01:01

Health: -2/27      AC:  4    Str: 15    XL:     2   Next: 6%
Magic:  2/2        EV:  9    Int: 10    God:
Gold:   0          SH:  0    Dex: 11    Spells: 1/1 levels left

rFire    . . .     SeeInvis +   a - +0 hand axe
rCold    . . .     Faith    .   (no shield)
rNeg     . . .     Spirit   .   b - +0 leather armour
rPois    .         Reflect  .   (no helmet)
rElec    .         Harm     .   (no cloak)
rCorr    .         Rampage  .   (no gloves)
Will     .....                  (no barding)
Stlth    ++........             h - amulet of regeneration
HPRegen  0.09/turn              (no ring)
MPRegen  0.08/turn              (no ring)

@: no status effects
A: large, rugged brown scales 3, see invisible, deformed body, roll 1, armoured
tail
a: Rolling Charge


You were on level 4 of the Dungeon.
You visited 1 branch of the dungeon, and saw 2 of its levels.

Inventory:

Hand Weapons
 a - a +0 hand axe (weapon)
Armour
 b - a +0 leather armour (worn)
Jewellery
 h - an amulet of regeneration (around neck)
Wands
 g - a wand of digging (3)
Scrolls
 c - a scroll of fog
 e - a scroll of fear
Potions
 f - a potion of haste
 i - a potion of resistance


   Skills:
 + Level 3.1 Fighting
 + Level 2.0 Axes
 + Level 1.6 Dodging
 + Level 3.6 Stealth


You had one spell level left.
You didn't know any spells.
Your spell library was empty.

Dungeon Overview and Level Annotations

Branches:
Dungeon (5/15)
 Temple: D:4-7

Altars:

Portals:
Sewer: D:5


Innate Abilities, Weirdness & Mutations

You are completely covered in rugged brown scales. (AC +3, +7% HP)
You have supernaturally acute eyesight. (SInv)
Armour fits poorly on your strangely shaped body.
You can roll at nearby foes to attack.
You have a long armoured tail.


Message History

* * * LOW HITPOINT WARNING * * *
You hit the hound.
The hound is moderately wounded.
The hound closely misses you. The hound bites you.
* * * LOW HITPOINT WARNING * * *
You hit the hound.
The hound is moderately wounded.
The hound barely misses you. x2
You barely miss the hound.
The hound is moderately wounded.
The hound barely misses you.
You hit the hound. You tail-slap the hound.
The hound is severely wounded.
The hound barely misses you. x2
You miss the hound.
The hound is severely wounded.
The hound barely misses you. x2
You closely miss the hound.
The hound is severely wounded.
The hound closely misses you. The hound bites you but does no damage.
You barely miss the hound.
Your tail-slap misses the hound.
The hound is severely wounded.
The hound bites you.
* * * LOW HITPOINT WARNING * * *
The hound bites you.
* * * LOW HITPOINT WARNING * * *
You barely miss the hound.
The hound is severely wounded.
The hound bites you.
* * * LOW HITPOINT WARNING * * *
You barely miss the hound.
The hound is severely wounded.
The hound closely misses you. x2
You hit the hound.
The hound is severely wounded.
The hound closely misses you. The hound barely misses you.
You miss the hound.
The hound is severely wounded.
The hound barely misses you. The hound bites you.
You die...

###....##
###.......###
#........)..##
#............#
#...........##
#............#
##...........#
#...........#
#..##...h@>...#
#...........#
###....(...##
###.....##
##...## ###...
###.. #.# .#


You could see a hound.

Vanquished Creatures
  An adder (D:5)
1 creature vanquished.

Notes
Turn   | Place    | Note
-------+----------+-------------------------------------------
     0 | D:5      | tsouns the Palentonga Delver began the quest for the Orb.
     0 | D:5      | Reached XP level 1. HP: 20/20 MP: 1/1
     4 | D:5      | Found a glowing drain.
     4 | D:5      | Noticed an ice beast
    27 | D:5      | Reached XP level 2. HP: 9/27 MP: 2/2
   182 | D:4      | HP: 1/27 [hound (1)]
   185 | D:4      | Slain by a hound

Illustrated notes

Levels and vault maps discovered:
D:4:      layout_cave_pods, serial_shops, shop
D:5:      minmay_clustersquares, layout_cave_pools, marbit_many_paths,
          serial_shops, shop_statue, gup_sewer_entry_glass,
          grunt_qazlal_sundering

Action                   || total
-------------------------++-------
Melee: Hand axe          ||    25
       Tailslap          ||     2
 Abil: Rolling Charge    ||     1
  Use: Scroll            ||     2
       Potion            ||     1
Armor: Leather armour    ||     7
Dodge: Dodged            ||    24

Table legend: (Time is in decaauts)
 A = Elapsed time spent in this place.
 B = Non-inter-level travel time spent in this place.
 C = Inter-level travel time spent in this place.
 D = Time resting spent in this place.
 E = Time spent auto-exploring this place.
 F = Levels seen in this place.
 G = Mean time per level.
                   A        B        C        D        E       F      G
               +--------+--------+--------+--------+--------+-----+--------+
         Total |    189 |    189 |      0 |      0 |    109 |   2 |   94.5 |
       Dungeon |    189 |    189 |      0 |      0 |    109 |   2 |   94.5 |
               +--------+--------+--------+--------+--------+-----+--------+

Top non-repeatable levels by time:
     D:4: 141 daAuts
     D:5: 47 daAuts
